[Event "Early-Titled-Tuesday-Blitz-February-27-2024"]
[Site "Chess.com"]
[Date "2024.02.27"]
[Round "7"]
[White "salomez"]
[Black "whiteglovethief"]
[Result "0-1"]
[WhiteElo "2320"]
[BlackElo "2504"]
[TimeControl "180+1"]
[EndTime "9:12:19 PST"]
[Termination "whiteglovethief won by resignation"]

1. e4 e6 2. d4 d5 3. exd5 exd5 4. Bd3 c5 5. dxc5 Bxc5 6. Nf3 Nf6 7. O-O O-O 8. Nbd2 Bg4 9. h3 Bh5 10. Nb3 Bb6 11. Bg5 Qd6 12. Bh4 Nc6 13. c3 h6 14. Be2 g5 15. Nxg5 hxg5 16. Bxh5 gxh4 17.
Nd4 Qf4 18. Re1 Nxd4 19. cxd4 Qxd4 20. Qxd4 Bxd4 21. Bf3 Bxb2 22. Rab1 Bc3 23. Rxb7 Bxe1 0-1

[Event "Early-Titled-Tuesday-Blitz-February-27-2024"]
[Site "Chess.com"]
[Date "2024.02.27"]
[Round "7"]
[White "Rogarcia1"]
[Black "TregubovP"]
[Result "0-1"]
[WhiteElo "2508"]
[BlackElo "2682"]
[TimeControl "180+1"]
[EndTime "9:12:23 PST"]
[Termination "TregubovP won by resignation"]

1. e4 c5 2. Nf3 e6 3. d4 cxd4 4. Nxd4 Nf6 5. Bd3 Nc6 6. Nxc6 bxc6 7. O-O d5 8. e5 Nd7 9. Re1 Be7 10. Nc3 O-O 11. h4 Bxh4 12. Qh5 g6 13. Qh6 f5 14. g3 Be7 15. Kg2 Rf7 16. Rh1 Nxe5 17. Bf4 Ng4 18. Qh3 d4 19. Ne2 Qd5+ 20. Kf1 e5 21. b3 Be6 22. Bc4 Qf3 0-1

[Event "Early-Titled-Tuesday-Blitz-February-27-2024"]
[Site "Chess.com"]
[Date "2024.02.27"]
[Round "7"]
[White "WiktoriaPOL"]
[Black "BillCoe"]
[Result "1-0"]
[WhiteElo "2255"]
[BlackElo "2093"]
[TimeControl "180+1"]
[EndTime "9:12:31 PST"]
[Termination "WiktoriaPOL won by resignation"]

1. c4 g6 2. Nc3 Bg7 3. g3 d6 4. Bg2 Nf6 5. e4 O-O 6. Nge2 c5 7. O-O Nc6 8. d3 a6 9. h3 Be6 10. Be3 Rb8 11. a4 b6 12. b3 Qd7 13. Kh2 h6 14. d4 cxd4 15. Nxd4 Nxd4 16. Bxd4 Nh7 17. Bxg7 Kxg7 18. f4 f5 19. exf5 Bxf5 20. Nd5 Nf6 21. Qd4 Rf7 22. Nxf6 Rxf6 23. g4 Be6 24. g5 hxg5 25.
fxg5 Bf5 26. gxf6+ exf6 27. Rad1 Rh8 28. Qxd6 Bxh3 29.
Qxf6+ 1-0

[Event "Early-Titled-Tuesday-Blitz-February-27-2024"]
[Site "Chess.com"]
[Date "2024.02.27"]
[Round "7"]
[White "Nikolakis2014"]
[Black "Casper"]
[Result "0-1"]
[WhiteElo "2741"]
[BlackElo "2564"]
[TimeControl "180+1"]
[EndTime "9:12:42 PST"]
[Termination "Casper won by resignation"]

1. d4 d5 2. c4 dxc4 3. Nf3 Nf6 4. e3 Bg4 5. Bxc4 e6 6. O-O a6 7.
h3 Bh5 8. Nc3 Nc6 9. Qe2 Bd6 10.
g4 Nxg4 11. hxg4 Bxg4 12. Kg2 Qf6 13. Rg1 O-O-O 14. Ne4 Qg6 15. Nxd6+ Rxd6 16. Kf1 Nb4 17. Bd2 Nc2 18. Rc1 Bh3+ 0-1

[Event "Early-Titled-Tuesday-Blitz-February-27-2024"]
[Site "Chess.com"]
[Date "2024.02.27"]
[Round "7"]
[White "elchacal664"]
[Black "NtcPou"]
[Result "1-0"]
[WhiteElo "2418"]
[BlackElo "2011"]
[TimeControl "180+1"]
[EndTime "9:12:52 PST"]
[Termination "elchacal664 won by resignation"]

1. e4 c6 2. Nc3 d5 3. Nf3 Bg4 4.
h3 Bxf3 5. Qxf3 e6 6. d3 Nf6 7. g4 Bb4 8. g5 Nfd7 9. Bd2 d4 10. Nb1 Bxd2+ 11. Nxd2 c5 12. Qg2 Nc6 13. f4 h6 14.
g6 Qh4+ 15. Kd1 Qxf4 16. gxf7+ Qxf7 17. Nc4 Ke7 18. Qg3 e5 19. Be2 b5 20. Rf1 Qe6 21.
Qxg7+ 1-0

[Event "Early-Titled-Tuesday-Blitz-February-27-2024"]
[Site "Chess.com"]
[Date "2024.02.27"]
[Round "7"]
[White "Heinza9"]
[Black "Barmen_EV"]
[Result "1-0"]
[WhiteElo "2343"]
[BlackElo "2492"]
[TimeControl "180+1"]
[EndTime "9:13:02 PST"]
[Termination "Heinza9 won by resignation"]

1. e4 e5 2. Nf3 Nc6 3. Nc3 Nf6 4. d4 exd4 5. Nd5 Be7 6. Nxd4 O-O 7. Nb5 Nxd5 8.
exd5 Ne5 9. d6 cxd6 10. Be2 d5 11. Qxd5 d6 12. O-O a6 13. Nc3 Be6 14. Qd1 Qa5 15. f4 Bd5 16. Qxd5 Qb6+ 17. Kh1 Nc6 18. Bd3 g6 19. Qb3 Qc5 20. Nd5 Bh4 21. Be3 Qa5 22.
g3 Bd8 23. Qc3 Rc8 24. Qxa5 Nxa5 25. b3 Re8 26. Rfe1 Nc6 27. Bf2 Ba5 28. Rxe8+ Rxe8 29. Nf6+ 1-0

[Event "Early-Titled-Tuesday-Blitz-February-27-2024"]
[Site "Chess.com"]
[Date "2024.02.27"]
[Round "7"]
[White "Brave_spirit12"]
[Black "Balla_Tamas"]
[Result "1-0"]
[WhiteElo "2710"]
[BlackElo "2429"]
[TimeControl "180+1"]
[EndTime "9:13:18 PST"]
[Termination "Brave_spirit12 won by resignation"]

1. e4 c5 2. c3 Nf6 3. e5 Nd5 4. d4 cxd4 5. Qxd4 e6 6. Nf3 Nc6 7.
Qe4 Be7 8. c4 Nb6 9. Nc3 d5 10.
exd6 Qxd6 11. Bf4 Qb4 12. O-O-O Bf6 13. Bd6 Qa5 14. Nb5 Qxa2 15. Nc7+ Kd8 16. Be5+ Bd7 17. Nxa8 Nxc4 18. Bxc4 Qa1+ 19. Qb1 Qxb1+ 20. Kxb1 Nxe5 21. Nxe5 Bxe5 22. Rd3 Ke7 23. Re1 Bf6 24. Nc7 Bc6 25. Nd5+ 1-0

[Event "Early-Titled-Tuesday-Blitz-February-27-2024"]
[Site "Chess.com"]
[Date "2024.02.27"]
[Round "7"]
[White "janhelmer03"]
[Black "KacperKacprzak"]
[Result "0-1"]
[WhiteElo "2371"]
[BlackElo "2707"]
[TimeControl "180+1"]
[EndTime "9:13:19 PST"]
[Termination "KacperKacprzak won by resignation"]

1. d4 d5 2. c4 e6 3. cxd5 exd5 4. Nc3 c6 5. Nf3 Nf6 6. Qc2 g6 7. Bg5 Bf5 8. Qb3 b6 9. e3 Nbd7 10. Be2 Bg7 11. O-O O-O 12. Rac1 h6 13. Bf4 Re8 14. Ne5 Nxe5 15. Bxe5 Qd7 16. Qa4 h5 17. Bf3 h4 18. Rfd1 h3 19. g3 Bg4 20. Bxg4 Qxg4 21. Bxf6 Qf3 22. Kf1 Rxe3 0-1

[Event "Early-Titled-Tuesday-Blitz-February-27-2024"]
[Site "Chess.com"]
[Date "2024.02.27"]
[Round "7"]
[White "arnash_bauyrzhan"]
[Black "NovakRatko"]
[Result "0-1"]
[WhiteElo "2296"]
[BlackElo "2477"]
[TimeControl "180+1"]
[EndTime "9:13:24 PST"]
[Termination "NovakRatko won by resignation"]

1. e4 d5 2. exd5 c6 3. d4 cxd5 4. Nf3 Nc6 5. Bd3 Bg4 6. c3 f6 7. h3 Bh5 8. O-O e6 9. Nbd2 Bd6 10. Re1 Qd7 11. Qc2 Nge7 12. Bxh7 g6 13. g4 Rxh7 14.
Qd3 O-O-O 15. gxh5 Rxh5 16. Kg2 e5 17. Nh2 e4 18. Qe3 Rdh8 0-1

[Event "Early-Titled-Tuesday-Blitz-February-27-2024"]
[Site "Chess.com"]
[Date "2024.02.27"]
[Round "7"]
[White "averageFM"]
[Black "LeoLV10"]
[Result "1-0"]
[WhiteElo "2630"]
[BlackElo "2473"]
[TimeControl "180+1"]
[EndTime "9:13:37 PST"]
[Termination "averageFM won by resignation"]

1. d4 Nf6 2. Nc3 e6 3. e4 d5 4. f3 c6 5. Bg5 Be7 6. e5 Nfd7 7. Bxe7 Qxe7 8. Bd3 b6 9. Nge2 Ba6 10. O-O g6 11. a3 h5 12. b4 h4 13. Bxa6 Nxa6 14. b5 Nc7 15. bxc6 Nb8 16. Qd3 Nxc6 17. Nb5 Nxb5 18. Qxb5 Qd7 19. c4 Nxe5 20. dxe5 Qxb5 21. cxb5 Rh5 22. f4 a6 23. a4 g5 24. a5 axb5 25.
axb6 Rb8 26. Nd4 Rxb6 27. Ra8+ Ke7 28. fxg5 Rxg5 29. Ra7+ Ke8 30. Rfxf7 Rxe5 31. Rh7 1-0

[Event "Early-Titled-Tuesday-Blitz-February-27-2024"]
[Site "Chess.com"]
[Date "2024.02.27"]
[Round "7"]
[White "JonasEilenberg"]
[Black "ValentinDragnev"]
[Result "0-1"]
[WhiteElo "2554"]
[BlackElo "2734"]
[TimeControl "180+1"]
[EndTime "9:13:39 PST"]
[Termination "ValentinDragnev won by resignation"]

1. e4 e6 2. d4 d5 3. e5 c5 4. c3 Nc6 5. Nf3 Bd7 6. Be2 Qb6 7. dxc5 Bxc5 8. b4 Bxf2+ 9. Kf1 Be3 10. Bb2 Nh6 11. a4 a5 12. b5 Ng4 13. bxc6 bxc6 14. Qc2 Bc1 15. Ke1 Qf2+ 16. Kd1 Ne3+ 17. Kxc1 Nxc2 0-1

[Event "Early-Titled-Tuesday-Blitz-February-27-2024"]
[Site "Chess.com"]
[Date "2024.02.27"]
[Round "7"]
[White "FernandoArauzAlonso"]
[Black "Schattman"]
[Result "0-1"]
[WhiteElo "2626"]
[BlackElo "2446"]
[TimeControl "180+1"]
[EndTime "9:13:39 PST"]
[Termination "Schattman won by resignation"]

1. Nf3 c5 2. g3 g6 3. Bg2 Bg7 4.
O-O Nc6 5. d3 d5 6. Nbd2 e6 7.
e4 Nge7 8. Re1 O-O 9. Qe2 b6 10.
h4 h5 11. a4 Ba6 12. Ng5 Nd4 13. Qd1 Rc8 14. c3 Ndc6 15. Qc2 Ne5 16. Bf1 d4 17. c4 N7c6 18. Ndf3 Nb4 19. Qe2 Nbxd3 20. Nxe5 Nxe5 21. b3 d3 22. Qd2 Nxc4 23. bxc4 Bxa1 24. Bb2 Bxb2 25. Qxb2 Qd4 26. Rd1 Qxb2 0-1

[Event "Early-Titled-Tuesday-Blitz-February-27-2024"]
[Site "Chess.com"]
[Date "2024.02.27"]
[Round "7"]
[White "Better_Chess_Faster"]
[Black "MIss_MIaMI"]
[Result "1-0"]
[WhiteElo "2164"]
[BlackElo "2382"]
[TimeControl "180+1"]
[EndTime "9:13:40 PST"]
[Termination "Better_Chess_Faster won on time"]

1. d4 c5 2. d5 g6 3. Nc3 Bg7 4. e4 a6 5. a4 d6 6. Nf3 Bg4 7. h3 Bxf3 8. Qxf3 b6 9. Bd2 Nf6 10. Bc4 Nbd7 11. Qe2 Qc8 12. O-O O-O 13. Rad1 1-0

[Event "Early-Titled-Tuesday-Blitz-February-27-2024"]
[Site "Chess.com"]
[Date "2024.02.27"]
[Round "7"]
[White "BursaBBSatranc"]
[Black "annamaja"]
[Result "1-0"]
[WhiteElo "2626"]
[BlackElo "2417"]
[TimeControl "180+1"]
[EndTime "9:13:52 PST"]
[Termination "BursaBBSatranc won by resignation"]

1. d4 d5 2. Bf4 Nf6 3. e3 e6 4.
Nd2 c5 5. Ngf3 Nc6 6. c3 Bd6 7.
Bg3 O-O 8. Bd3 Re8 9. Ne5 Bxe5 10. dxe5 Nd7 11. Nf3 h6 12. O-O Qc7 13. e4 Ndxe5 14.
Nxe5 Nxe5 15. Qh5 Qc6 16. Bxe5 dxe4 17. Qg4 g6 18. Bxe4 Qd7 19. Qh4 1-0

[Event "Early-Titled-Tuesday-Blitz-February-27-2024"]
[Site "Chess.com"]
[Date "2024.02.27"]
[Round "7"]
[White "WilsonPalencia21"]
[Black "Quattroporte300"]
[Result "1-0"]
[WhiteElo "2564"]
[BlackElo "2407"]
[TimeControl "180+1"]
[EndTime "9:13:55 PST"]
[Termination "WilsonPalencia21 won by resignation"]

1. d4 d5 2. c4 dxc4 3. Nf3 Nf6 4. e3 e6 5. Bxc4 a6 6. Nc3 c5 7. dxc5 Qxd1+ 8. Kxd1 Bxc5 9. Ne5 Nbd7 10. Nd3 Bd6 11. a3 b5 12. Ba2 Bb7 13. f3 Ke7 14. Ke2 Rhd8 15. b4 Rac8 16. Bb2 Nb6 17. e4 e5 18. Rac1 Nc4 19. Bxc4 Rxc4 20. Na2 Nd7 21. Rxc4 bxc4 22. Nf2 Nb6 23. Rd1 Na4 24. Ba1 f6 25. Nc3 Nxc3+ 26.
Bxc3 a5 27. bxa5 Bxa3 28. Ra1 Bc5 29. a6 Bc6 30. Ra5 Kd6 31. Nd1 Ra8 32. Nb2 Kc7 33. Rxc5 Rxa6 34. Ra5 1-0

[Event "Early-Titled-Tuesday-Blitz-February-27-2024"]
[Site "Chess.com"]
[Date "2024.02.27"]
[Round "7"]
[White "HittingRookBottom"]
[Black "ClauSanLuis"]
[Result "0-1"]
[WhiteElo "2009"]
[BlackElo "2250"]
[TimeControl "180+1"]
[EndTime "9:13:56 PST"]
[Termination "ClauSanLuis won by resignation"]

1. e4 c5 2. Nf3 Nc6 3. Bc4 e6 4.
O-O d5 5. exd5 exd5 6. Re1+ Be7 7. Bb5 Nf6 8. d3 O-O 9. Bg5 h6 10. Bh4 Bg4 11. Bxc6 bxc6 12. h3 Bh5 13. Nbd2 Rb8 14. b3 Rb4 15. Qc1 Qc7 16. c4 Bg6 17. Ne5 Bf5 18. Re3 Re8 19. Qe1 g5 20. Bg3 Bd6 21. Ndf3 Rbb8 22. Qe2 Re6 23. Re1 Rbe8 24. Qb2 d4 25.
Nxd4 cxd4 26. Qxd4 Nh5 27. Bh2 f6 28. Nf3 Bxh2+ 29.
Nxh2 Nf4 30. Rxe6 Rxe6 31. Rxe6 Bxe6 32. Nf3 Ne2+ 0-1

[Event "Early-Titled-Tuesday-Blitz-February-27-2024"]
[Site "Chess.com"]
[Date "2024.02.27"]
[Round "7"]
[White "SirStrateg"]
[Black "WindWhistler11"]
[Result "1-0"]
[WhiteElo "2672"]
[BlackElo "2499"]
[TimeControl "180+1"]
[EndTime "9:14:02 PST"]
[Termination "SirStrateg won by resignation"]

1. d4 e6 2. Bf4 Nf6 3. e3 Bd6 4. Bxd6 cxd6 5. Nd2 d5 6. f4 d6 7. Ngf3 a6 8. Bd3 Nc6 9. c3 b5 10. a3 Bb7 11. O-O Qb6 12. Qe2 O-O 13. Rae1 Rfe8 14.
Kh1 Ne7 15. Qf2 a5 16. Qh4 Nf5 17. Qh3 h6 18. g4 Ne7 19. g5 hxg5 20. fxg5 Ne4 21.
g6 Nxg6 22. Bxe4 dxe4 23. Ng5 Re7 24. Qh7+ Kf8 25. Qxg6 1-0

[Event "Early-Titled-Tuesday-Blitz-February-27-2024"]
[Site "Chess.com"]
[Date "2024.02.27"]
[Round "7"]
[White "GAusal"]
[Black "noblerone"]
[Result "1/2-1/2"]
[WhiteElo "2313"]
[BlackElo "2493"]
[TimeControl "180+1"]
[EndTime "9:14:13 PST"]
[Termination "Game drawn by repetition"]

1. e4 c5 2. Nf3 e6 3. d4 cxd4 4. Nxd4 Qb6 5. Nc3 Bc5 6. Na4 Qa5+ 7. c3 Bxd4 8. Qxd4 Nf6 9. Nc5 Nc6 10. Qd6 b6 11. b4 Nxb4 12. Nb3 Nc2+ 13. Kd1 Qxc3 14.
Bd2 Qb2 15. Bd3 Nxa1 16. Bb4 Kd8 17. Qe7+ Kc7 18. Qd6+ Kd8 19. Qe7+ Kc7 20. Qd6+ Kd8 1/2-1/2

[Event "Early-Titled-Tuesday-Blitz-February-27-2024"]
[Site "Chess.com"]
[Date "2024.02.27"]
[Round "7"]
[White "lagunanivaria"]
[Black "HanSchut"]
[Result "1-0"]
[WhiteElo "2430"]
[BlackElo "2292"]
[TimeControl "180+1"]
[EndTime "9:14:15 PST"]
[Termination "lagunanivaria won by resignation"]

1. Nf3 Nf6 2. d3 g6 3. e4 c5 4. g3 Nc6 5. Bg2 Bg7 6. O-O O-O 7. Re1 e6 8. c3 d5 9. e5 Nd7 10. d4 Qb6 11. h4 h6 12. Na3 Kh7 13. Nc2 a5 14. Rb1 a4 15. Be3 cxd4 16. Ncxd4 Qd8 17. Nxc6 bxc6 18. Nd4 c5 19. Nc2 Nxe5 20. Bxc5 Rg8 21.
Bd4 Nc6 22. Bxg7 Rxg7 23. c4 Ne7 24. cxd5 Nxd5 25. Ne3 Bb7 26. Nxd5 exd5 27. Qd4 Qd7 28. Rbd1 Rd8 29. Re5 Qb5 30. h5 g5 31. Bxd5 f6 32.
Be4+ Bxe4 33. Qxe4+ f5 34. Qxf5+ 1-0

[Event "Early-Titled-Tuesday-Blitz-February-27-2024"]
[Site "Chess.com"]
[Date "2024.02.27"]
[Round "7"]
[White "MasterKroket"]
[Black "vishwa_vijeta"]
[Result "1-0"]
[WhiteElo "2478"]
[BlackElo "2585"]
[TimeControl "180+1"]
[EndTime "9:14:22 PST"]
[Termination "MasterKroket won by resignation"]

1. e4 c5 2. Nf3 d6 3. d4 cxd4 4. Nxd4 Nf6 5. Nc3 g6 6. Be3 Bg7 7. f3 O-O 8. Qd2 Nc6 9. Bc4 Bd7 10. h4 h5 11. O-O-O Rc8 12. Bb3 Ne5 13. Kb1 a5 14. Bg5 a4 15. Nxa4 Bxa4 16. Bxa4 Nc4 17. Qb4 Qc7 18. Bb3 Ne5 19. g4 hxg4 20. f4 Nc6 21.
Nxc6 bxc6 22. e5 dxe5 23. fxe5 Nd5 24. Qxg4 Qxe5 25. Bc1 Nc3+ 26. Ka1 Nxd1 27. Rxd1 Rcd8 28. Rg1 Rd4 29. Qxg6 Rb8 30. Qxf7+ Kh8 31. Rg5 1-0

[Event "Early-Titled-Tuesday-Blitz-February-27-2024"]
[Site "Chess.com"]
[Date "2024.02.27"]
[Round "7"]
[White "Natalya_Buksa"]
[Black "Mops_2004"]
[Result "0-1"]
[WhiteElo "2608"]
[BlackElo "2831"]
[TimeControl "180+1"]
[EndTime "9:14:26 PST"]
[Termination "Mops_2004 won by checkmate"]

1. d4 g6 2. Nc3 Bg7 3. Bf4 d6 4. e3 Nd7 5. h4 e5 6. dxe5 dxe5 7.
Bg3 Ne7 8. Nf3 Nf5 9. Bh2 Nxh4 10. Bc4 Nxg2+ 11. Kf1 Nh4 12. Qd5 O-O 13. Nxh4 Qxh4 14. Bxe5 Qe7 15. Bxg7 Kxg7 16. Qd4+ Qf6 17. Qd2 Nb6 18.
Bb3 Rd8 19. Qe2 h5 20. Ne4 Qxb2 21.
Re1 Qe5 22. Ng3 Bg4 23. f3 Qxg3 24. fxg4 Rd6 25. g5 Qxg5 26. Qg2 Rf6+ 27. Kg1 Qxg2+ 28. Kxg2 c5 29. c3 Rd8 30. e4 Rd2+ 31. Kg3 Rd3+ 32. Kh4 Rf4+ 33. Kg5 Rg4# 0-1

[Event "Early-Titled-Tuesday-Blitz-February-27-2024"]
[Site "Chess.com"]
[Date "2024.02.27"]
[Round "7"]
[White "SharapovEvgeny"]
[Black "Supergiuly"]
[Result "1-0"]
[WhiteElo "2511"]
[BlackElo "2321"]
[TimeControl "180+1"]
[EndTime "9:14:26 PST"]
[Termination "SharapovEvgeny won by resignation"]

1. e4 c5 2. Nf3 g6 3. d4 cxd4 4.
Nxd4 Bg7 5. c4 d6 6. Nc3 Nc6 7. Be3 Nf6 8. Be2 O-O 9. O-O a5 10. Qd2 a4 11. f3 Qa5 12. Rfd1 Bd7 13.
Rac1 Rfc8 14. Ncb5 Qxd2 15. Rxd2 Nxd4 16. Nxd4 b5 17. Rdc2 b4 18. Nb5 Bxb5 19. cxb5 Rxc2 20. Rxc2 Kf8 21. Rc4 b3 22. axb3 axb3 23. Rb4 d5 24.
Rxb3 dxe4 25. fxe4 Nxe4 26. b6 Ra1+ 27. Bf1 Ra8 28.
b7 Rb8 29. Ba7 Be5 30. g3 Nc5 31. Bxc5 1-0

[Event "Early-Titled-Tuesday-Blitz-February-27-2024"]
[Site "Chess.com"]
[Date "2024.02.27"]
[Round "7"]
[White "BilodeauA"]
[Black "scarabee43"]
[Result "1-0"]
[WhiteElo "3024"]
[BlackElo "2884"]
[TimeControl "180+1"]
[EndTime "9:14:28 PST"]
[Termination "BilodeauA won by checkmate"]

1. e4 c5 2. Nf3 e6 3. Nc3 Nc6 4. h3 a6 5. d4 cxd4 6. Nxd4 Qc7 7. Nxc6 Qxc6 8. Bd3 b5 9. a4 b4 10. Ne2 Bb7 11.
O-O Nf6 12. Ng3 h5 13. Re1 h4 14. Nf1 Bd6 15. Nd2 Rc8 16. Nf3 Bb8 17. Bg5 Nh5 18. Bxh4 f6 19. e5 Bxe5 20. Be4 d5 21. Bg6+ Kf8 22. Nxe5 fxe5 23. Bxh5 Qxc2 24. Bg3 e4 25.
Qg4 Qxb2 26. Bd6+ Kg8 27. Qxe6+ Kh7 28. Bg6+ Kh6 29. Bf4# 1-0

[Event "Early-Titled-Tuesday-Blitz-February-27-2024"]
[Site "Chess.com"]
[Date "2024.02.27"]
[Round "7"]
[White "koncheto"]
[Black "rhungaski"]
[Result "0-1"]
[WhiteElo "2455"]
[BlackElo "2599"]
[TimeControl "180+1"]
[EndTime "9:14:30 PST"]
[Termination "rhungaski won by resignation"]

1. e4 c5 2. Nf3 Nc6 3. d4 cxd4 4.
Nxd4 e5 5. Nb5 a6 6. Nd6+ Bxd6 7. Qxd6 Qf6 8. Qd1 Qg6 9. Nc3 d5 10. Nxd5 Qxe4+ 11. Be2 Nd4 12. Nc7+ Ke7 13. Nxa8 Qxg2 14. Rf1 Bf5 15. Bd3 Nf3+ 16. Ke2 Bg4 17. Ke3 Nf6 18.
c4 Rxa8 19. Qb3 b5 20. Bd2 Qxh2 21. Bb4+ Ke8 0-1

[Event "Early-Titled-Tuesday-Blitz-February-27-2024"]
[Site "Chess.com"]
[Date "2024.02.27"]
[Round "7"]
[White "m_ezat"]
[Black "mertfelin"]
[Result "0-1"]
[WhiteElo "2487"]
[BlackElo "2327"]
[TimeControl "180+1"]
[EndTime "9:14:42 PST"]
[Termination "mertfelin won by checkmate"]

1. d4 d5 2. c4 e6 3. Nc3 Be7 4. cxd5 exd5 5. Bf4 c6 6. Qc2 Nf6 7. e3 Nh5 8. Be5 Nd7 9. Be2 Nxe5 10. dxe5 g6 11.
Bxh5 gxh5 12. Nf3 f6 13. O-O-O fxe5 14. Nxe5 Bf6 15. Nf3 O-O 16. e4 d4 17. e5 Bg5+ 18. Kb1 Bf5 19. Ne4 Bh6 20. Rxd4 Qe7 21. Ka1 Rad8 22.
Rhd1 Bg7 23. Nf6+ Bxf6 24. Qxf5 Bg7 25. Rxd8 Rxd8 26. Rxd8+ Qxd8 27. Qe6+ Kh8 28. Qd6 Qe8 29. a3 Kg8 30. e6 Bf6 31. Ne5 Qe7 32. Nc4 Kf8 33.
Qb8+ Kg7 34. Qc8 b5 35. Ne3 Qxa3+ 36. Kb1 Qxb2# 0-1

[Event "Early-Titled-Tuesday-Blitz-February-27-2024"]
[Site "Chess.com"]
[Date "2024.02.27"]
[Round "7"]
[White "Klavdia_Nik"]
[Black "LuisFSiles"]
[Result "1-0"]
[WhiteElo "2137"]
[BlackElo "2289"]
[TimeControl "180+1"]
[EndTime "9:14:45 PST"]
[Termination "Klavdia_Nik won by checkmate"]

1. Nf3 Nf6 2. c4 g6 3. b3 Bg7 4. Bb2 O-O 5. g3 d6 6. d4 Ne4 7. Nc3 Nxc3 8. Bxc3 Nd7 9. Qc2 e5 10. Bg2 Qe7 11. e4 exd4 12. Nxd4 Nc5 13. O-O a5 14.
Rfe1 h5 15. Rad1 h4 16. Nb5 h3 17. Bh1 Bg4 18. f3 Be6 19. Bxg7 Kxg7 20. Qc3+ f6 21. Rd2 g5 22. Nd4 Bd7 23. Rde2 b6 24. Nf5+ Bxf5 25.
exf5 Qd8 26. f4 gxf4 27. Qf3 fxg3 28. Qxg3+ Kf7 29. Qg6# 1-0

[Event "Early-Titled-Tuesday-Blitz-February-27-2024"]
[Site "Chess.com"]
[Date "2024.02.27"]
[Round "7"]
[White "arenal72"]
[Black "Adar_07"]
[Result "1-0"]
[WhiteElo "2614"]
[BlackElo "2779"]
[TimeControl "180+1"]
[EndTime "9:14:49 PST"]
[Termination "arenal72 won by resignation"]

1. Nf3 c6 2. e4 d5 3. d3 Bg4 4. h3 Bh5 5. Qe2 e6 6. g4 Bg6 7.
h4 dxe4 8. dxe4 Nf6 9. Nc3 Bb4 10.
Bd2 Bxc3 11. Bxc3 Bxe4 12. Rd1 Nbd7 13. g5 Bxf3 14. Qxf3 Nd5 15. Bxg7 Rg8 16. Bd4 Qa5+ 17. c3 Qxa2 18. Bd3 c5 19. Bxh7 cxd4 20. Bxg8 Ne5 21. Qe4 Nc6 22. g6 Nf6 23. Bxf7+ Kf8 24. Qf4 Ke7 25.
O-O Rh8 26. Rfe1 Nd8 27. Qc7+ Kf8 28. Qxd8+ Kg7 29. Qxd4 Qxb2 30. Rxe6 1-0

[Event "Early-Titled-Tuesday-Blitz-February-27-2024"]
[Site "Chess.com"]
[Date "2024.02.27"]
[Round "7"]
[White "kleinebeer98"]
[Black "MITerryble"]
[Result "1-0"]
[WhiteElo "2901"]
[BlackElo "3015"]
[TimeControl "180+1"]
[EndTime "9:14:51 PST"]
[Termination "kleinebeer98 won by resignation"]

1. e4 c6 2. d4 d5 3. f3 g6 4. Nc3 Bg7 5. Be3 e6 6. Qd2 Nd7 7.
O-O-O Qa5 8. Kb1 h6 9. h4 Ngf6 10. e5 Ng8 11. h5 g5 12. f4 gxf4 13. Bxf4 Qb6 14. Nf3 Ne7 15. g4 a6 16. g5 hxg5 17.
Bxg5 c5 18. h6 Bf8 19. dxc5 Nxc5 20. Bf6 Rh7 21. Ng5 Rxh6 22. Rxh6 Bxh6 23. Qh2 Ng8 24.
Qh5 Qc7 25. Bb5+ axb5 26. Nxb5 Qd7 27. Nd6+ 1-0

[Event "Early-Titled-Tuesday-Blitz-February-27-2024"]
[Site "Chess.com"]
[Date "2024.02.27"]
[Round "7"]
[White "Mikhail_Golubev"]
[Black "leclash"]
[Result "1-0"]
[WhiteElo "2621"]
[BlackElo "2420"]
[TimeControl "180+1"]
[EndTime "9:14:51 PST"]
[Termination "Mikhail_Golubev won on time"]

1. e4 e5 2. Nf3 Nc6 3. Bc4 Bc5 4. c3 Nf6 5. d4 exd4 6. cxd4 Bb4+ 7. Nbd2 Nxe4 8. d5 Ne7 9. O-O Nxd2 10. Nxd2 O-O 11.
a3 Bxd2 12. Bxd2 d6 13. Rc1 Ng6 14. f4 Bf5 15. Qb3 Re8 16. Qxb7 Rb8 17. Qxa7 Rxb2 18.
Qd4 Qf6 19. Qxf6 gxf6 20. Bc3 Rb7 21. Bxf6 Ra8 22. Rf3 h5 23. Rg3 h4 24. Rg5 Be4 25. f5 1-0

[Event "Early-Titled-Tuesday-Blitz-February-27-2024"]
[Site "Chess.com"]
[Date "2024.02.27"]
[Round "7"]
[White "LileKoridze"]
[Black "vladgoncharov"]
[Result "0-1"]
[WhiteElo "2420"]
[BlackElo "2635"]
[TimeControl "180+1"]
[EndTime "9:14:51 PST"]
[Termination "vladgoncharov won by resignation"]

1. d4 Nf6 2. c4 c5 3. d5 e6 4.
Nc3 exd5 5. cxd5 d6 6. Nf3 g6 7. Nd2 Nbd7 8. Nc4 Nb6 9. Ne3 Bg7 10. g3 O-O 11. Bg2 Ng4 12. O-O Nxe3 13. Bxe3 Bf5 14. Bf4 a6 15. e4 Bc8 16. a4 Qc7 17. Re1 Nd7 18. Qc2 Rb8 19. Rad1 b5 20. axb5 axb5 21. b3 Ne5 22. Bxe5 Bxe5 23. Ne2 c4 24. Rc1 Ba6 25. Qa2 Ra8 26. bxc4 bxc4 27. Nc3 Rfb8 28. Qc2 Rb3 29. Nb1 Rb2 30. Qa4 Qb6 31. Rc2 Rxb1 0-1

[Event "Early-Titled-Tuesday-Blitz-February-27-2024"]
[Site "Chess.com"]
[Date "2024.02.27"]
[Round "7"]
[White "Boorchess"]
[Black "GrotBchess"]
[Result "0-1"]
[WhiteElo "2542"]
[BlackElo "2400"]
[TimeControl "180+1"]
[EndTime "9:14:51 PST"]
[Termination "GrotBchess won by resignation"]

1. d4 Nf6 2. c4 g6 3. f3 Nc6 4. d5 Ne5 5. e4 d6 6. Nc3 c5 7. h3 e6 8. f4 Ned7 9. Nf3 exd5 10. cxd5 Bg7 11. g4 O-O 12. Bd3 Re8 13. O-O a6 14. a4 Rb8 15. a5 b5 16. axb6 Qxb6 17. Kg2 a5 18. Re1 Ba6 19. Bxa6 Qxa6 20. e5 dxe5 21.
fxe5 Nxg4 22. hxg4 Nxe5 23. Nxe5 Bxe5 24. Qf3 Bxc3 25.
Rxe8+ Rxe8 26. bxc3 Re2+ 27. Kg3 Re1 28. Bb2 Re2 29. Ba3 Qd6+ 30. Qf4 Re3+ 0-1

[Event "Early-Titled-Tuesday-Blitz-February-27-2024"]
[Site "Chess.com"]
[Date "2024.02.27"]
[Round "7"]
[White "destroyer305"]
[Black "PolandHussars"]
[Result "0-1"]
[WhiteElo "2390"]
[BlackElo "2563"]
[TimeControl "180+1"]
[EndTime "9:14:52 PST"]
[Termination "PolandHussars won by resignation"]

1. e4 e5 2. Nf3 Nc6 3. d4 exd4 4. Bc4 Bc5 5. c3 d3 6. b4 Bb6 7. Qb3 Qe7 8. O-O d6 9. a4 a5 10. b5 Ne5 11. Nxe5 dxe5 12. Ba3 Qf6 13. Nd2 Be6 14.
Bxe6 Qxe6 15. Qxe6+ fxe6 16. Nc4 Nf6 17. Nxb6 cxb6 18.
f3 O-O-O 19. Rfd1 Rd7 20. Kf2 Rhd8 21. Ke3 Rc7 22. Rxd3 Rc4 23. Be7 Rd7 24. Rxd7 Kxd7 25. Bf8 Rxc3+ 26. Kd2 Rc4 27. Bxg7 Ke7 28. Rc1 Rd4+ 29.
Ke3 Nd7 30. Rc7 Rxa4 31. Bxe5 Rb4 32. g4 Rxb5 33. f4 Kd8 34. Bd6 Rb3+ 35. Kd4 Rb1 36. Rxb7 Rd1+ 37. Ke3 Rxd6 38. f5 exf5 39. gxf5 a4 40.
Kf4 a3 41. e5 Rd4+ 42. Ke3 Ra4 43. e6 Nf6 0-1